Map: Acid Plant LE

Players

MicroJackson - Winner!

  • Race: Terran Terran
  • League: Master
  • Spawn Location: 11:00

Strider

  • Race: Terran Terran
  • League: Master
  • Spawn Location: 5:00

VOD

Have the link to the VOD?

Description

Time

  • Played on: Jan. 31, 2018, 12:18 a.m.
  • Length: 5:52
Show
View Real Time Build Order
Export as new Build Order

MicroJackson Terran - Winner!

Build Orders: Cyclone Opening, Reaper Expand 

Get SALT Encoding   

  12  0:01  SCV  
  13  0:13  SCV  
  14  0:17  Supply Depot  
  14  0:25  SCV  
  15  0:29  Refinery  
  15  0:39  SCV  
  16  0:47  Barracks  
  16  0:52  SCV  
  17  1:04  SCV  
  18  1:16  SCV  
  19  1:33  Orbital Command  
  19  1:38  Reaper  
  20  1:45  Command Center  
  20  1:57  Factory  
  20  2:02  SCV  
  20  2:07  Refinery  
  21  2:10  Barracks Reactor  
  21  2:14  SCV  
  22  2:20  Supply Depot  
  22  2:28  SCV  
  23  2:52  Cyclone  
  23  2:53  SCV  
  23  2:55  Engineering Bay  
  23  2:56  Cyclone  
  30  3:00  Orbital Command  
  30  3:05  SCV  
  31  3:17  SCV  
  32  3:24  Cyclone  
  32  3:26  SCV  
  36  3:31  Supply Depot  
  36  3:33  SCV  
  37  3:35  Cyclone  
  37  3:39  SCV  
  41  3:45  SCV  
  42  3:52  SCV  
  43  3:57  SCV, Refinery  
  43  3:58  Cyclone, Refinery  
  47  4:04  SCV  
  47  4:09  SCV  
  49  4:11  Cyclone  
  49  4:16  SCV  
  52  4:23  SCV  
  54  4:31  SCV  
  54  4:36  Armory  
  54  4:38  Supply Depot  
  54  4:59  Cyclone, SCV  
  58  5:00  Cyclone  
  58  5:02  Missile Turret  
  58  5:05  Missile Turret  
  57  5:10  SCV  
  57  5:12  Missile Turret  
  57  5:20  SCV  
  57  5:31  SCV  
  57  5:32  SCV  
Show
View Real Time Build Order
Export as new Build Order

Strider Terran 

Build Orders: Reaper Expand 

Get SALT Encoding   

  12  0:00  SCV  
  13  0:12  SCV  
  14  0:17  Supply Depot  
  14  0:25  SCV  
  14  0:28  Refinery  
  15  0:38  SCV  
  16  0:45  Barracks  
  16  0:50  SCV  
  17  1:03  SCV  
  18  1:15  SCV  
  19  1:32  Reaper, Orbital Command  
  20  1:46  Command Center  
  20  2:00  Factory  
  20  2:02  SCV  
  21  2:08  Reaper  
  21  2:13  Supply Depot  
  22  2:17  Refinery  
  22  2:22  SCV  
  23  2:35  SCV  
  24  2:44  Starport  
  24  2:46  Barracks Tech Lab  
  24  2:47  Hellion  
  24  2:49  SCV  
  27  2:59  Orbital Command  
  27  3:02  SCV  
  28  3:14  Cyclone  
  28  3:18  SCV  
  32  3:25  SCV  
  33  3:30  Supply Depot  
  33  3:35  Banshee  
  33  3:37  SCV x2  
  38  3:53  SCV x2  
  38  3:55  Barracks Reactor  
  40  4:07  SCV  
  40  4:08  SCV  
  42  4:13  Command Center  
  42  4:17  Cyclone  
  45  4:20  SCV x2  
  47  4:25  Refinery x2  
  47  4:26  Supply Depot  
  47  4:32  Supply Depot, SCV x2  
  47  4:36  Engineering Bay  
  49  4:44  SCV x2  
  51  4:50  Supply Depot  
  51  4:55  Barracks Reactor  
  41  5:02  SCV x2  
  32  5:08  Cyclone, Banshee  
  31  5:14  SCV  
  9  5:35  SCV  
Tags
 
Add a new tag
Caveats
  • Supply blocks, unpowered buildings, or Contaminate may cause inaccurate times.
  • Supply counts are checked every 10 seconds.